[Event "Titled Tuesday Blitz July 11 Early 2023"]
[White "infinitypoint"]
[Black "Ibarra Jerez, Jose Carlos"]
[BlackFideId "2226332"]
[WhiteElo "2570"]
[BlackElo "2904"]
[Result "0-1"]
[Round "6"]
[TimeControl "180+2"]
[Date "2023.07.11"]
[WhiteClock "0:01:36"]
[BlackClock "0:01:26"]
[Board "49"]

1. d4 Nf6 2. c4 d6 3. Nc3 e5 4. dxe5 dxe5 5. Qxd8+ Kxd8 6. Bg5 Be6 7. e4 Nd7 8. Nf3 c6 9. Bxf6+ gxf6 10. O-O-O Kc7 11. h3 a5 12. Be2 Nb6 13. Nd2 Bh6 14. b3 Rhd8 15. Kc2 a4 16. c5 axb3+ 17. axb3 Nd7 18. Na4 Nxc5 19. Nxc5 Rxd2+ 20. Rxd2 Ra2+ 21. Kc3 Bxd2+ 22. Kd3 Bc8 23. Rd1 Bb4 24. Na4 b5 25. Nc3 Bxc3 26. Bg4 Bd4 27. Bxc8 Kxc8 28. f3 Rxg2 29. b4 Rf2 30. h4 Rxf3+ 31. Kc2 Rc3+ 32. Kd2 Rf3 33. Ke2 Re3+ 34. Kd2 Rxe4 35. h5 Rh4 36. Kd3 Rxh5 37. Rc1 Kd7 38. Ke4 f5+ 39. Kd3 Rh3+ 40. Ke2 Kd6 41. Rf1 f4 42. Rc1 Kd5 43. Kd2 Be3+ 0-1


[Site "https://www.chess.com"]

[Event "Titled Tuesday Blitz July 11 Early 2023"]
[White "Rodchenkov, Sergey D."]
[Black "Pakleza, Zbigniew"]
[WhiteFideId "4168712"]
[BlackFideId "1119290"]
[WhiteElo "2568"]
[BlackElo "2812"]
[Result "0-1"]
[Round "6"]
[TimeControl "180+2"]
[Date "2023.07.11"]
[WhiteClock "0:00:06"]
[BlackClock "0:00:06"]
[Board "50"]

1. e4 d6 2. d4 Nf6 3. Nc3 c6 4. f4 Qb6 5. h3 e5 6. Nge2 Be7 7. a3 Nh5 8. g3 exf4 9. Bxf4 Nxf4 10. Nxf4 Bf6 11. Nfe2 Qxb2 12. Bg2 Qb6 13. O-O Nd7 14. Rb1 Qa5 15. Kh1 O-O 16. Rb3 Re8 17. Nf4 Nb6 18. Nh5 Bxd4 19. Nb5 Be5 20. Nxd6 Bxd6 21. Nxg7 Kxg7 22. Qxd6 Qe5 23. Qd2 Be6 24. Rbf3 Nc4 25. Qf2 Kg8 26. Rd3 Rad8 27. Qe2 b5 28. Qf2 a5 29. Qa7 a4 30. Kh2 Rxd3 31. cxd3 Nxa3 32. d4 Qg7 33. d5 cxd5 34. exd5 Bc8 35. d6 f5 36. Qc5 Nc4 37. Rd1 Bd7 38. Qc7 Ne5 39. Re1 Kh8 40. Kh1 h6 41. Qc5 Kg8 42. Qd4 Kh8 43. Rg1 Re6 44. Bd5 Rxd6 45. Qc5 Qf6 46. Re1 Kg7 47. Qd4 Nf7 48. Qf4 Rxd5 49. Qh4 Rd4 50. Qh5 Bc6+ 51. Kh2 Rd2+ 52. Re2 Rxe2+ 53. Qxe2 Qd4 54. g4 Qe5+ 55. Qxe5+ Nxe5 56. Kg3 a3 57. Kf4 a2 0-1


[Site "https://www.chess.com"]

[Event "Titled Tuesday Blitz July 11 Early 2023"]
[White "Ganiev, Roman"]
[Black "Kantor, Gergely"]
[WhiteFideId "4131452"]
[BlackFideId "751499"]
[WhiteElo "2566"]
[BlackElo "2788"]
[Result "0-1"]
[Round "6"]
[TimeControl "180+2"]
[Date "2023.07.11"]
[WhiteClock "0:00:11"]
[BlackClock "0:00:20"]
[Board "51"]

1. e4 e6 2. d4 d5 3. Nc3 Bb4 4. e5 c5 5. a3 Bxc3+ 6. bxc3 Nc6 7. Qg4 g6 8. h4 h6 9. Ne2 Qa5 10. Bd2 Bd7 11. g3 Qa4 12. Bh3 Qxc2 13. Rc1 Qf5 14. Qxf5 gxf5 15. Be3 Rc8 16. Rb1 cxd4 17. cxd4 Na5 18. O-O Ne7 19. Bd2 Nc4 20. Bb4 Nc6 21. Rfc1 b6 22. Ra1 a5 23. Bc3 Ke7 24. Nf4 b5 25. Bf1 b4 26. axb4 axb4 27. Be1 b3 28. Ra6 Nxd4 29. Bb4+ Ke8 30. Nh5 Nxe5 31. Nf6+ Kd8 32. Rb1 Nec6 33. Bd6 Nf3+ 34. Kg2 Nd2 35. Rb6 Nxb1 36. Rb7 Be8 37. Bb5 Nc3 38. Bxc6 Rxc6 39. Rb8+ Rc8 40. Rb7 Ra8 41. Be5 Nb5 42. Rb6 d4 43. Nxe8 Rxe8 44. Rxb5 Kd7 45. Rxb3 Ra4 46. Rb7+ Kc6 47. Rxf7 Kd5 48. f4 Ke4 49. Rd7 d3 50. Kh3 h5 51. g4 hxg4+ 52. Kg3 Ra3 53. Rd4+ Ke3 54. h5 Ke2 55. h6 d2+ 56. Kh4 Rd3 57. Rxd3 Kxd3 58. h7 d1=Q 59. Kg5 Qh1 60. h8=Q Rxh8 61. Bxh8 Qxh8 62. Kg6 g3 63. Kf7 g2 64. Kxe6 g1=Q 65. Kxf5 Qh7+ 66. Ke5 Qd4+ 67. Ke6 Qde4+ 68. Kd6 Qhe7# 0-1


[Site "https://www.chess.com"]

[Event "Titled Tuesday Blitz July 11 Early 2023"]
[White "Horobetz, Graham"]
[Black "Kozak, Antoni"]
[WhiteFideId "2047322"]
[BlackFideId "21832030"]
[WhiteElo "2561"]
[BlackElo "2773"]
[Result "0-1"]
[Round "6"]
[TimeControl "180+2"]
[Date "2023.07.11"]
[WhiteClock "0:00:00"]
[BlackClock "0:01:01"]
[Board "52"]

1. e4 c6 2. d4 d5 3. Nc3 dxe4 4. Nxe4 Nf6 5. Nxf6+ exf6 6. c3 Bd6 7. Bd3 O-O 8. Qc2 Re8+ 9. Ne2 f5 10. Bxf5 Bxf5 11. Qxf5 Nd7 12. Be3 Nb6 13. O-O Nc4 14. b3 g6 15. Qd3 Nxe3 16. fxe3 f5 17. Rae1 Qg5 18. Nf4 Re4 19. Qc4+ Kh8 20. Qf7 Re7 21. Nh3 Qh4 22. Qc4 Rae8 23. Qd3 Re4 24. Qd2 Qe7 25. Nf2 Rxe3 26. Nd3 Qh4 27. Rxe3 Bxh2+ 28. Kh1 Bg3+ 0-1


[Site "https://www.chess.com"]

[Event "Titled Tuesday Blitz July 11 Early 2023"]
[White "Leon Oquendo, Jorge"]
[Black "Atakhan, Abtin"]
[WhiteFideId "3514803"]
[BlackFideId "22502203"]
[WhiteElo "2557"]
[BlackElo "2741"]
[Result "1-0"]
[Round "6"]
[TimeControl "180+2"]
[Date "2023.07.11"]
[WhiteClock "0:01:01"]
[BlackClock "0:00:20"]
[Board "53"]

1. d4 Nf6 2. c4 g6 3. Nc3 d5 4. cxd5 Nxd5 5. Bd2 Bg7 6. e4 Nxc3 7. Bxc3 O-O 8. Nf3 Bg4 9. Be2 Nd7 10. O-O c5 11. d5 Bxc3 12. bxc3 Bxf3 13. Bxf3 c4 14. Qd4 Qc7 15. Rab1 b6 16. Be2 Rac8 17. f4 Qc5 18. Rfd1 e5 19. dxe6 fxe6 20. g3 e5 21. Bxc4+ Kh8 22. Qxc5 Nxc5 23. fxe5 Nxe4 24. Rd4 Nxc3 25. Re1 b5 26. Bb3 a5 27. e6 Kg7 28. e7 Rfe8 29. Rf4 Rc7 30. Rf7+ Kh6 31. Re5 a4 32. Bc2 Nxa2 33. Be4 Nc3 34. Bf3 a3 35. g4 Ne4 36. Bxe4 Rc1+ 37. Kg2 1-0


[Site "https://www.chess.com"]

[Event "Titled Tuesday Blitz July 11 Early 2023"]
[White "Siniauski, Artsiom"]
[Black "Gunina, Valentina"]
[WhiteFideId "13512269"]
[BlackFideId "4167570"]
[WhiteElo "2553"]
[BlackElo "2724"]
[Result "1-0"]
[Round "6"]
[TimeControl "180+2"]
[Date "2023.07.11"]
[WhiteClock "0:00:09"]
[BlackClock "0:00:16"]
[Board "55"]

1. e4 c6 2. d4 d5 3. e5 c5 4. Nf3 Nc6 5. c4 cxd4 6. Nxd4 e6 7. Nc3 Bc5 8. Nxc6 bxc6 9. cxd5 exd5 10. Bd3 Ne7 11. O-O Bf5 12. Bg5 Bxd3 13. Qxd3 h6 14. Bh4 Qd7 15. Rac1 Bb6 16. Na4 O-O 17. Nc5 Bxc5 18. Rxc5 Nf5 19. Bg3 Rfe8 20. f4 a5 21. Bf2 Reb8 22. b3 a4 23. Rfc1 axb3 24. axb3 Ra3 25. Rxc6 Raxb3 26. Qa6 d4 27. Rc8+ Rxc8 28. Qxc8+ Qxc8 29. Rxc8+ Kh7 30. g4 d3 31. Rd8 Ne7 32. Kg2 Nc6 33. Rd6 Nb4 34. f5 Rb2 35. Kf3 Re2 36. Bg3 Rd2 37. Be1 Rb2 38. Bxb4 Rxb4 39. Rxd3 h5 40. h3 Kh6 41. e6 fxe6 42. fxe6 hxg4+ 43. hxg4 Kg5 44. e7 Rf4+ 45. Ke2 1-0


[Site "https://www.chess.com"]

[Event "Titled Tuesday Blitz July 11 Early 2023"]
[White "Jarovinsky, Alexey"]
[Black "Rottenwohrer Suarez, Juan"]
[WhiteFideId "14115131"]
[BlackFideId "32068182"]
[WhiteElo "2718"]
[BlackElo "2549"]
[Result "1-0"]
[Round "6"]
[TimeControl "180+2"]
[Date "2023.07.11"]
[WhiteClock "0:00:02"]
[BlackClock "0:00:00"]
[Board "56"]

1. Nc3 c5 2. e4 g6 3. g3 Nc6 4. Bg2 Bg7 5. d3 Rb8 6. Be3 d6 7. Qd2 b5 8. Nge2 a5 9. O-O Nf6 10. Bh6 O-O 11. Bxg7 Kxg7 12. h3 b4 13. Nd1 Nd4 14. f4 Ba6 15. Ne3 Nh5 16. Kh2 f5 17. exf5 gxf5 18. c3 bxc3 19. bxc3 Ne6 20. Bf3 Qe8 21. Rab1 Rxb1 22. Rxb1 Nc7 23. d4 cxd4 24. Nxd4 e6 25. Qd1 Nf6 26. Rb6 d5 27. Nxe6+ Nxe6 28. Rxa6 Nc5 29. Nxf5+ Kh8 30. Rxa5 Nce4 31. Qd4 Qe6 32. g4 Qd7 33. Ra7 Qe6 34. Re7 Qc8 35. Bxe4 dxe4 36. c4 Kg8 37. Kg3 Kh8 38. Kh4 Kg8 39. c5 Kh8 40. Kg3 Kg8 41. Nd6 Qa6 42. Qe5 Qe2 43. Kh4 Qf2+ 44. Kg5 h6+ 45. Kg6 Qh4 46. Rg7+ Kh8 47. Nf7+ Rxf7 48. Qb8+ 1-0


[Site "https://www.chess.com"]

[Event "Titled Tuesday Blitz July 11 Early 2023"]
[White "Jaracz, Pawel"]
[Black "Papayan, Oleg"]
[WhiteFideId "1102222"]
[BlackFideId "4193911"]
[WhiteElo "2698"]
[BlackElo "2545"]
[Result "1-0"]
[Round "6"]
[TimeControl "180+2"]
[Date "2023.07.11"]
[WhiteClock "0:01:11"]
[BlackClock "0:00:00"]
[Board "57"]

1. e4 e6 2. d4 d5 3. Nc3 Nf6 4. e5 Nfd7 5. f4 c5 6. Nf3 Nc6 7. Be3 cxd4 8. Nxd4 Qb6 9. Qd2 Qxb2 10. Rb1 Qa3 11. Bb5 a6 12. Bxc6 bxc6 13. Nxc6 Bc5 14. Rb3 Bxe3 15. Rxa3 Bxd2+ 16. Kxd2 Nb6 17. Na5 g5 18. Rb1 Nd7 19. g3 Rg8 20. Nc6 gxf4 21. Nb5 axb5 22. Rxa8 Nb6 23. Rb8 Nc4+ 24. Kc3 Kd7 25. Na7 fxg3 26. Rxc8 Rxc8 27. Nxc8 Kxc8 28. hxg3 Nxe5 29. Rxb5 Nc4 30. a4 Nd6 31. Rb1 Ne4+ 32. Kd4 Nxg3 33. a5 Nf5+ 34. Kc5 Kc7 35. a6 Nd6 36. a7 Nb7+ 37. Kd4 1-0


[Site "https://www.chess.com"]

[Event "Titled Tuesday Blitz July 11 Early 2023"]
[White "Demin, Vladimir"]
[Black "Materia, Marco"]
[WhiteFideId "4167457"]
[BlackFideId "45150451"]
[WhiteElo "2542"]
[BlackElo "2678"]
[Result "0-1"]
[Round "6"]
[TimeControl "180+2"]
[Date "2023.07.11"]
[WhiteClock "0:01:37"]
[BlackClock "0:02:13"]
[Board "58"]

1. d4 Nf6 2. Nc3 d5 3. Bf4 c6 4. e3 g6 5. Nf3 Bg4 6. Be2 Nbd7 7. Ne5 Bxe2 8. Qxe2 Bg7 9. O-O-O Nh5 10. Nxd7 Nxf4 11. exf4 Qxd7 12. h4 h5 13. Rhe1 e6 14. Na4 O-O-O 15. Nc5 Qc7 16. Qe3 b6 17. Nd3 Kb7 18. Ne5 c5 19. Rd3 Bxe5 20. fxe5 c4 21. Ra3 b5 22. Qf4 a5 23. Rf3 Rd7 24. Qf6 Ra8 25. Rd1 b4 26. Kd2 a4 27. Ke1 b3 28. cxb3 axb3 29. axb3 Ra2 30. bxc4 Qxc4 31. Rc3 Qb4 32. Qh8 Rc7 33. Kf1 Rxc3 34. bxc3 Qb2 0-1


[Site "https://www.chess.com"]

[Event "Titled Tuesday Blitz July 11 Early 2023"]
[White "Begmuratov, Alisher"]
[Black "Shturman, Arseniy"]
[WhiteFideId "14203367"]
[BlackFideId "34275797"]
[WhiteElo "2670"]
[BlackElo "2538"]
[Result "0-1"]
[Round "6"]
[TimeControl "180+2"]
[Date "2023.07.11"]
[WhiteClock "0:00:20"]
[BlackClock "0:00:51"]
[Board "59"]

1. e4 c5 2. d4 cxd4 3. c3 dxc3 4. Nxc3 e6 5. Nf3 Nc6 6. Bc4 Bb4 7. O-O Nge7 8. e5 d6 9. exd6 Qxd6 10. Qc2 Bxc3 11. bxc3 O-O 12. Rd1 Qc5 13. Bd3 h6 14. a4 Qh5 15. h3 e5 16. Ba3 Bxh3 17. Bh7+ Kh8 18. Be4 Bg4 19. Bxc6 Nxc6 20. Bxf8 Rxf8 21. Re1 Bxf3 22. gxf3 f5 23. Kf1 Qxf3 24. Rad1 Qh3+ 25. Ke2 Qh5+ 26. Kf1 f4 27. f3 Qh1+ 28. Ke2 Qg2+ 0-1


[Site "https://www.chess.com"]

[Event "Titled Tuesday Blitz July 11 Early 2023"]
[White "Michalczak, Thomas"]
[Black "Kantans, Toms"]
[WhiteFideId "4622634"]
[BlackFideId "11602945"]
[WhiteElo "2537"]
[BlackElo "2665"]
[Result "1-0"]
[Round "6"]
[TimeControl "180+2"]
[Date "2023.07.11"]
[WhiteClock "0:00:30"]
[BlackClock "0:00:00"]
[Board "60"]

1. e4 c5 2. c3 Nf6 3. e5 Nd5 4. Nf3 Nc6 5. d4 cxd4 6. Bc4 Nb6 7. Bb3 d5 8. exd6 Qxd6 9. O-O Be6 10. Na3 Bxb3 11. Qxb3 e6 12. Nb5 Qd7 13. Rd1 Be7 14. Nfxd4 Nxd4 15. Nxd4 O-O 16. Nf5 Qc7 17. Nxe7+ Qxe7 18. Be3 Nd5 19. Bd4 Rfc8 20. c4 Nf6 21. Qd3 a6 22. b3 Rd8 23. Qf3 Ne8 24. Bb6 Rxd1+ 25. Rxd1 f6 26. Qd3 h6 27. Qd7 Kf8 28. Bd8 Qxd7 29. Rxd7 b5 30. c5 Rc8 31. b4 Rc6 32. Be7+ Kg8 33. g3 e5 34. Kg2 Kf7 35. Bd8+ Kg8 36. Kf3 f5 37. Ke3 Nf6 38. Bxf6 gxf6 39. Rb7 Re6 40. Rb6 Kf7 41. Rxe6 Kxe6 42. Kf3 Kd5 43. Kg2 a5 44. a3 axb4 45. axb4 Kc6 46. Kh3 1-0


[Site "https://www.chess.com"]

[Event "Titled Tuesday Blitz July 11 Early 2023"]
[White "Tokman, Ariel"]
[Black "Oleksiyenko, Mykhaylo"]
[WhiteFideId "117420"]
[BlackFideId "4152417"]
[WhiteElo "2533"]
[BlackElo "2658"]
[Result "1/2-1/2"]
[Round "6"]
[TimeControl "180+2"]
[Date "2023.07.11"]
[WhiteClock "0:00:03"]
[BlackClock "0:00:20"]
[Board "61"]

1. d4 d5 2. c4 e6 3. Nf3 Nf6 4. e3 Be7 5. Nc3 O-O 6. Bd2 b6 7. Bd3 Bb7 8. cxd5 Nxd5 9. O-O c5 10. dxc5 Bxc5 11. Nxd5 Qxd5 12. Bc3 Rd8 13. Be2 Qxd1 14. Rfxd1 Nc6 15. Kf1 f6 16. a3 Kf7 17. Rac1 Rac8 18. Rxd8 Rxd8 19. b4 Be7 20. Nd4 Nxd4 21. Bxd4 Bd6 22. h4 e5 23. Bb2 a5 24. bxa5 bxa5 25. Bb5 Ke7 26. a4 Rc8 27. f3 Rxc1+ 28. Bxc1 Bb4 29. Ke2 e4 30. f4 Bc8 31. Bd2 Bg4+ 32. Ke1 Kd6 33. Bxb4+ axb4 34. Kd2 Kc5 35. Kc2 Be6 36. Be2 Kb6 37. Bb5 Ka5 38. Bc6 h6 39. Kb2 Bc4 40. g3 g5 41. hxg5 hxg5 42. Kc2 Be6 43. Kb2 Bf7 44. Kc2 Bh5 45. Kb2 Bd1 46. Bxe4 Kxa4 47. Bd5 Kb5 48. Kc1 Bg4 49. fxg5 fxg5 50. Kd2 Kc5 51. Bb3 Bf5 52. Ke2 Be4 53. Kd2 Bd5 54. Bc2 b3 55. Bb1 Kc4 56. Bd3+ Kb4 57. Bf5 Ka3 58. e4 Bc4 59. e5 b2 60. Kc3 Ba2 61. Kd4 Kb4 62. Be4 Kb5 63. Bf5 Kc6 64. Ke3 Kd5 65. e6 Kd6 66. Kf3 Ke7 67. Kg4 Kf6 68. e7 Be6 69. Bxe6 b1=Q 70. e8=Q Qe4+ 71. Kh3 Qh1+ 72. Kg4 Qe4+ 73. Kh3 Qh1+ 74. Kg4 Qd1+ 75. Kh3 Qh1+ 1/2-1/2


[Site "https://www.chess.com"]

[Event "Titled Tuesday Blitz July 11 Early 2023"]
[White "Turzo, Attila"]
[Black "Perez Candelario, Manuel"]
[WhiteFideId "704954"]
[BlackFideId "2210622"]
[WhiteElo "2524"]
[BlackElo "2657"]
[Result "0-1"]
[Round "6"]
[TimeControl "180+2"]
[Date "2023.07.11"]
[WhiteClock "0:01:22"]
[BlackClock "0:00:50"]
[Board "62"]

1. d4 d5 2. c4 e6 3. Nf3 Nf6 4. g3 Be7 5. Bg2 O-O 6. O-O b6 7. b3 Bb7 8. Bb2 Nbd7 9. Nbd2 c5 10. Rc1 Rc8 11. cxd5 Bxd5 12. Nc4 b5 13. Nce5 Nxe5 14. Nxe5 Bxg2 15. Kxg2 c4 16. f3 Nd5 17. Kf2 c3 18. Ba1 b4 19. Nc4 Nb6 20. Qd3 Nxc4 21. bxc4 a5 22. Bxc3 bxc3 23. Rxc3 Qc7 24. e4 Rfd8 25. Qe3 Rxd4 26. c5 Rb4 27. Rfc1 Rb2+ 28. Kg1 Qc6 29. Kh1 g6 30. Qd4 Rb4 31. Qe5 Bf8 32. Rc4 Rxc4 33. Rxc4 Qb5 34. Qc3 Rxc5 35. Rxc5 Qf1# 0-1


[Site "https://www.chess.com"]

[Event "Titled Tuesday Blitz July 11 Early 2023"]
[White "Chor, Kevin"]
[Black "Komov, Roman"]
[WhiteFideId "2090740"]
[BlackFideId "24175714"]
[WhiteElo "2522"]
[BlackElo "2656"]
[Result "0-1"]
[Round "6"]
[TimeControl "180+2"]
[Date "2023.07.11"]
[WhiteClock "0:00:02"]
[BlackClock "0:00:36"]
[Board "63"]

1. e4 c5 2. Nf3 d6 3. d4 cxd4 4. Nxd4 Nf6 5. Nc3 Nc6 6. Bg5 e6 7. Qd2 a6 8. O-O-O Bd7 9. f3 Be7 10. Kb1 Nxd4 11. Qxd4 Qc7 12. h4 Rc8 13. Bd3 b5 14. h5 h6 15. Bh4 e5 16. Qf2 Be6 17. Bxf6 Bxf6 18. Nd5 Bxd5 19. exd5 Qc5 20. Qe2 Qb4 21. Be4 a5 22. Rd3 a4 23. Rhd1 O-O 24. Re3 Rc5 25. c3 Qa5 26. Bc2 b4 27. Qd3 Rfc8 28. Qh7+ Kf8 29. Bf5 bxc3 30. Rxc3 Rd8 31. Rdc1 Rxc3 32. Rc2 Ke7 33. Rxc3 Rb8 34. Bd3 Qxc3 0-1


[Site "https://www.chess.com"]

[Event "Titled Tuesday Blitz July 11 Early 2023"]
[White "Yeritsyan, Hayk"]
[Black "Katz, Alexander"]
[WhiteFideId "13307320"]
[BlackFideId "2039796"]
[WhiteElo "2521"]
[BlackElo "2643"]
[Result "0-1"]
[Round "6"]
[TimeControl "180+2"]
[Date "2023.07.11"]
[WhiteClock "0:00:00"]
[BlackClock "0:00:06"]
[Board "64"]

1. d4 Nf6 2. Nf3 d6 3. Bf4 g6 4. h3 Bg7 5. e3 O-O 6. c3 b6 7. Be2 Bb7 8. O-O Nbd7 9. Bh2 c5 10. Nbd2 Re8 11. Rc1 Rc8 12. Re1 Ne4 13. Nxe4 Bxe4 14. b4 cxb4 15. cxb4 Rxc1 16. Qxc1 Qa8 17. Qb2 e5 18. dxe5 Nxe5 19. Bxe5 dxe5 20. Rd1 Bxf3 21. gxf3 e4 22. Qb3 exf3 23. Bc4 Qb7 24. Bd5 Qd7 25. Bxf3 Qxh3 26. Bg2 Qf5 27. Qa4 Rc8 28. Qxa7 Rc2 29. Qa8+ Bf8 30. Qf3 Qxf3 31. Bxf3 Rxa2 32. Rd7 Bxb4 33. Bd5 Rd2 34. Bxf7+ Kf8 35. Rb7 Bc5 36. Bc4 h5 37. Rf7+ Ke8 38. Rb7 Rd6 39. Kg2 Rf6 40. Bd5 Kd8 41. Rg7 Be7 42. Bf7 b5 43. Bxg6 b4 44. Bxh5 b3 45. Rg8+ Bf8 46. Rg4 b2 47. Bg6 Rxg6 48. Rxg6 b1=Q 49. Rg3 Qe4+ 50. Rf3 Bd6 0-1


[Site "https://www.chess.com"]

[Event "Titled Tuesday Blitz July 11 Early 2023"]
[White "Arabidze, Meri"]
[Black "FromTexas54"]
[WhiteFideId "13604040"]
[WhiteElo "2643"]
[BlackElo "2518"]
[Result "1-0"]
[Round "6"]
[TimeControl "180+2"]
[Date "2023.07.11"]
[WhiteClock "0:00:27"]
[BlackClock "0:00:00"]
[Board "65"]

1. b3 e5 2. Bb2 Nc6 3. c4 Nf6 4. g3 d5 5. Bg2 Be6 6. d3 Bb4+ 7. Nd2 O-O 8. cxd5 Bxd5 9. Nf3 e4 10. Bxf6 Qxf6 11. dxe4 Bxe4 12. O-O Bg6 13. e4 Rad8 14. Qc2 Bxd2 15. Nxd2 Nd4 16. Qd1 Qb6 17. Kh1 Qb4 18. Nc4 Ne6 19. Qe1 Qxe1 20. Rfxe1 Rd4 21. Rad1 Rfd8 22. Rxd4 Rxd4 23. Kg1 b5 24. Ne5 Rd2 25. f4 f6 26. Nc6 Be8 27. Nxa7 Rxa2 28. Nc8 Kf7 29. f5 Nd4 30. e5 fxe5 31. Rxe5 Re2 32. Rc5 Nxb3 33. Rxc7+ Kf6 34. Nd6 Bf7 35. Rxf7+ Kg5 36. Rxg7+ Kf6 37. Rf7+ Kg5 38. Ne4+ Kh6 39. f6 Nd4 40. Rd7 Re1+ 41. Kf2 Re2+ 42. Kf1 1-0


[Site "https://www.chess.com"]

[Event "Titled Tuesday Blitz July 11 Early 2023"]
[White "only_strong_moves"]
[Black "Djokic, Mihailo"]
[BlackFideId "976440"]
[WhiteElo "2517"]
[BlackElo "2631"]
[Result "1/2-1/2"]
[Round "6"]
[TimeControl "180+2"]
[Date "2023.07.11"]
[WhiteClock "0:00:14"]
[BlackClock "0:00:09"]
[Board "66"]

1. d4 Nf6 2. Nc3 d5 3. Bf4 g6 4. e3 Bg7 5. h4 h5 6. Nf3 O-O 7. Ne5 c5 8. dxc5 Qa5 9. Qd2 Nc6 10. Nxc6 bxc6 11. Ne4 Qxd2+ 12. Nxd2 Nd7 13. c3 e5 14. Bh2 Nxc5 15. Be2 Bf5 16. O-O Bd3 17. Rfe1 Rab8 18. b4 Bxe2 19. Rxe2 Na4 20. Rc1 Rbd8 21. a3 e4 22. c4 Bb2 23. Rc2 Bxa3 24. b5 cxb5 25. cxb5 Bc5 26. Nb3 Bb6 27. Rc6 Rc8 28. Rec2 Rxc6 29. bxc6 Rc8 30. c7 Kf8 31. Nd4 Bxd4 32. exd4 Ke7 33. Ra2 Nc3 34. Rxa7 Ne2+ 35. Kf1 Nxd4 36. Ra4 Ne6 37. Ra5 d4 38. Rd5 f5 39. f3 Nxc7 40. Bxc7 Rxc7 41. fxe4 fxe4 42. Rxd4 Rc1+ 43. Kf2 Rc2+ 44. Kg3 Rc3+ 45. Kf4 Rc2 46. Rxe4+ Kf6 47. g3 Rc1 48. Ra4 Rf1+ 49. Ke3 Kf5 50. Rb4 Re1+ 51. Kf3 Rf1+ 52. Ke3 Ra1 53. Kf3 Ra3+ 54. Kg2 Rc3 55. Rf4+ Ke5 56. Ra4 Rc5 57. Rf4 Rc6 58. Kh3 Ra6 59. Rb4 Ra1 60. Rb5+ Kf6 61. Rb6+ Kg7 62. Kg2 Kf7 63. Kf3 Rc1 64. Kf4 Rf1+ 65. Ke3 Rg1 66. Kf2 Rc1 67. Kf3 Rc4 68. Rb7+ Kf6 69. Rb6+ Kf5 70. Rb5+ Ke6 71. Rb6+ Kf7 72. Rb7+ Kg8 73. Rb8+ Kh7 74. Rb7+ Kh6 75. Rb6 Rg4 76. Rc6 Kg7 77. Rb6 Kf7 78. Rb7+ Ke6 79. Rb6+ Kd5 80. Ra6 Kc5 81. Ra5+ Kb6 82. Re5 Kc6 83. Re8 Kd7 84. Ra8 g5 85. hxg5 Rxg5 86. Kf4 Rg6 87. Rh8 Rg4+ 88. Kf3 Rg5 89. Kf4 Rb5 90. Rh7+ Ke6 91. Rh6+ Kf7 92. Rh7+ Kg6 93. Ra7 Rb4+ 94. Kf3 Rb5 95. Kf4 Rb4+ 96. Kf3 Kh6 97. Ra6+ Kh7 98. Kg2 Rb3 99. Kh3 Rb4 100. Rc6 Kg7 101. Rc7+ Kg6 102. Rc6+ Kg5 103. Rc5+ Kh6 104. Rc6+ Kg7 105. Rc7+ Kf6 106. Rc6+ Kf7 107. Ra6 Kg7 108. Ra7+ Kh6 109. Ra6+ Kg5 110. Ra5+ Kg6 111. Ra6+ Kf5 112. Ra5+ Kg6 113. Ra6+ Kh7 114. Ra7+ Kg8 115. Ra8+ Kf7 116. Ra5 Kg6 1/2-1/2


[Site "https://www.chess.com"]

[Event "Titled Tuesday Blitz July 11 Early 2023"]
[White "Stepanencu, Nicodim-Cosmin"]
[Black "Haszon, David"]
[WhiteFideId "1256220"]
[BlackFideId "733610"]
[WhiteElo "2631"]
[BlackElo "2518"]
[Result "0-1"]
[Round "6"]
[TimeControl "180+2"]
[Date "2023.07.11"]
[WhiteClock "0:00:05"]
[BlackClock "0:00:16"]
[Board "67"]

1. c4 Nf6 2. Qc2 e6 3. b3 d5 4. cxd5 exd5 5. Bb2 c6 6. Nf3 Bd6 7. d3 O-O 8. Nbd2 Re8 9. e3 Nbd7 10. Be2 Nf8 11. O-O Ng6 12. a3 h5 13. b4 a6 14. Nb3 Bg4 15. Nc5 Rb8 16. Rfe1 Qc7 17. h3 Bc8 18. Bxf6 gxf6 19. d4 Kh8 20. Nd2 h4 21. Bh5 Rg8 22. Kh1 Ne7 23. Bxf7 Rg7 24. Ne6 Bxe6 25. Bxe6 Ng6 26. Nf3 Nf8 27. Bg4 Rh7 28. Qf5 Qg7 29. e4 dxe4 30. Rxe4 Rd8 31. Rae1 a5 32. Qxa5 Bc7 33. Qf5 Qf7 34. Re7 Qxe7 35. Rxe7 Rxe7 36. Qxf6+ Rg7 37. Ng5 Re8 38. Be6 Nxe6 39. Nxe6 Re7 40. Nxg7 Re1# 0-1


[Site "https://www.chess.com"]

[Event "Titled Tuesday Blitz July 11 Early 2023"]
[White "WindWhistler11"]
[Black "NLLO777"]
[WhiteElo "2516"]
[BlackElo "2621"]
[Result "1-0"]
[Round "6"]
[TimeControl "180+2"]
[Date "2023.07.11"]
[WhiteClock "0:00:05"]
[BlackClock "0:00:00"]
[Board "68"]

1. Nf3 Nf6 2. g3 g6 3. Bg2 Bg7 4. O-O O-O 5. c4 c5 6. d4 d6 7. Nc3 Nbd7 8. h3 a6 9. Be3 Rb8 10. a4 b6 11. Rc1 Bb7 12. b3 Ne4 13. Nd5 Ndf6 14. Nxf6+ Nxf6 15. d5 b5 16. axb5 axb5 17. Nd2 Nd7 18. Qc2 Qb6 19. Rb1 Ra8 20. Bg5 h6 21. Be3 b4 22. Qc1 Ra2 23. Re1 Rfa8 24. Nf1 Kh7 25. h4 h5 26. Nh2 Nf6 27. Bf3 Bc8 28. Bg5 Bf5 29. e4 Bd7 30. e5 dxe5 31. Rxe5 Bf5 32. Rxf5 gxf5 33. Bxf6 Bxf6 34. Bxh5 Ra1 35. Kg2 Kg7 36. Qc2 e6 37. Nf3 Qd6 38. Rxa1 Rxa1 39. Qd2 e5 40. Ng5 Ra7 41. g4 e4 42. Qe2 Qf4 43. Nh3 Qe5 44. f4 exf3+ 45. Qxf3 Ra2+ 46. Nf2 f4 47. g5 Be7 48. Bg4 Qe3 49. h5 Bxg5 50. h6+ Kxh6 51. d6 Qxf3+ 52. Kxf3 Kg7 53. Ne4 Bd8 54. Nxc5 Rd2 55. Kxf4 Rxd6 56. Ke5 Bc7 57. Ke4 Rg6 58. Bf3 Rg1 59. Nd3 Bd8 60. Nxb4 Re1+ 61. Kd3 Be7 62. Nd5 Rf1 63. Be2 1-0


[Site "https://www.chess.com"]

[Event "Titled Tuesday Blitz July 11 Early 2023"]
[White "Moskvin, Anatoly"]
[Black "Ezat, Mohamed"]
[WhiteFideId "24199990"]
[BlackFideId "10600906"]
[WhiteElo "2515"]
[BlackElo "2619"]
[Result "1-0"]
[Round "6"]
[TimeControl "180+2"]
[Date "2023.07.11"]
[WhiteClock "0:00:24"]
[BlackClock "0:00:23"]
[Board "69"]

1. e4 Nf6 2. Nc3 e5 3. g3 d5 4. exd5 Nxd5 5. Bg2 Nxc3 6. bxc3 Nc6 7. Ne2 Bc5 8. d3 O-O 9. O-O Bf5 10. Rb1 Bb6 11. h3 Qd7 12. Kh2 Rfe8 13. g4 Bg6 14. Ng3 Nd8 15. f4 exf4 16. Bxf4 Ne6 17. Bd2 c6 18. Qf3 Bc7 19. Bh1 h6 20. Rf2 Ng5 21. Qg2 Re7 22. Kg1 Bb6 23. d4 c5 24. h4 Ne4 25. h5 Bh7 26. d5 c4 27. Rxb6 axb6 28. Nxe4 Bxe4 29. Qg3 Qxd5 30. g5 Rxa2 31. g6 Ra1+ 32. Rf1 Rxf1+ 33. Kxf1 Bxh1 34. Qb8+ Re8 35. Qxe8# 1-0


[Site "https://www.chess.com"]

[Event "Titled Tuesday Blitz July 11 Early 2023"]
[White "Osmak, Yuliia"]
[Black "Iskusnyh, Sergei"]
[WhiteFideId "14101602"]
[BlackFideId "4120027"]
[WhiteElo "2513"]
[BlackElo "2618"]
[Result "0-1"]
[Round "6"]
[TimeControl "180+2"]
[Date "2023.07.11"]
[WhiteClock "0:00:00"]
[BlackClock "0:00:05"]
[Board "70"]

1. d4 d5 2. Nf3 Nf6 3. c4 c6 4. Nc3 e6 5. Bg5 Nbd7 6. e3 Be7 7. Qc2 h6 8. Bh4 O-O 9. cxd5 Nxd5 10. Bxe7 Qxe7 11. Bc4 N5b6 12. Bb3 c5 13. Qe2 e5 14. d5 e4 15. Nd2 Nf6 16. O-O Bg4 17. Qb5 Bd7 18. Qa5 Rfc8 19. h3 Qe5 20. Rad1 Re8 21. Qxc5 Qg5 22. Kh1 Qh4 23. Qd6 Rad8 24. Qg3 Qg5 25. Qxg5 hxg5 26. Rfe1 Bf5 27. Nf1 Nc8 28. Ng3 Bg6 29. Rd4 Nd6 30. Red1 Rc8 31. Ba4 Red8 32. Bb3 a6 33. Kg1 Rc5 34. a3 Rdc8 35. Ba2 Kf8 36. Bb1 Re8 37. Rb4 b5 38. Rbd4 Nc4 39. b4 Rcc8 40. Ncxe4 Nxa3 41. Nxf6 gxf6 42. Bxg6 fxg6 43. d6 Red8 44. d7 Rc4 45. Ne4 Ke7 46. Nc5 Rxd4 47. Rxd4 Nc2 48. Rd2 Nxb4 49. Rd4 Nc6 50. Rd5 Ne5 51. Nxa6 Rxd7 52. Rxb5 Rd1+ 53. Kh2 Nd3 54. f3 Ne1 55. e4 Rd2 0-1


[Site "https://www.chess.com"]